[Event "International chess holiday M31"]
[Site "?"]
[Date "2017.07.31"]
[Round "3"]
[White "Brejnik, Gustav"]
[Black "Yinjinlkham, Bayarsaikhan"]
[Result "1/2-1/2"]
[ECO "D36"]
[WhiteElo "2031"]
[BlackElo "1988"]
[Annotator "Koller,Martin"]
[PlyCount "143"]
[TimeControl "240+2"]

{279MB} 1. d4 d5 2. c4 c6 3. Nc3 Nf6 4. Bg5 e6 5. cxd5 exd5 6. Qc2 Be7 7. e3
Nbd7 8. Bd3 h6 9. Bh4 O-O 10. Nge2 Re8 11. O-O Ne4 12. Bxe7 Qxe7 13. Nxe4 dxe4
14. Bc4 Nb6 15. Nf4 Bd7 16. Bb3 Rad8 17. Qc3 Bf5 18. Qa5 Bg4 19. h3 Be6 20.
Bxe6 fxe6 21. Qe5 Nc4 22. Qh5 e5 23. dxe5 Nxe5 24. Rfd1 Nd3 25. Nxd3 exd3 26.
Rd2 Rd5 27. Qg6 Red8 28. Qg4 b5 29. b3 c5 30. Rad1 Rg5 31. Qf3 c4 32. Rc1 Rc5
33. Qd1 Qe4 34. bxc4 bxc4 35. Qa4 Qc6 36. Qxc6 Rxc6 37. Rc3 Rb8 38. f3 Rb1+ 39.
Kf2 Rcb6 40. Rxc4 R6b2 41. Rxb2 Rxb2+ 42. Ke1 Rxg2 43. e4 Rxa2 44. Rd4 Re2+ 45.
Kf1 Rd2 46. Ke1 Rh2 47. Rxd3 Rxh3 48. Ra3 a5 49. Rxa5 Rxf3 50. Ke2 Rb3 51. Kf2
Kf7 52. Kg2 Kf6 53. Kf2 Rd3 54. Ke2 Rh3 55. Kf2 g5 56. Rb5 g4 57. Ra5 h5 58.
Kg2 h4 59. Rh5 Kg6 60. Rh8 Kg5 61. Rf8 Re3 62. Rf5+ Kg6 63. Rf4 Rg3+ 64. Kf2
Kh6 65. e5 Kg5 66. Rf8 Ra3 67. e6 Ra2+ 68. Kf1 Ra7 69. Rf7 Ra6 70. e7 Re6 71.
Rg7+ Kf4 72. Kf2 neèitelné 1/2-1/2

[Event "International chess holiday K31"]
[Site "?"]
[Date "2017.07.31"]
[Round "3"]
[White "Aubrecht, Petr"]
[Black "Zizka, Petr"]
[Result "1/2-1/2"]
[ECO "B59"]
[WhiteElo "1935"]
[BlackElo "1966"]
[Annotator "Koller,Martin"]
[PlyCount "85"]
[TimeControl "240+2"]

{279MB} 1. e4 c5 2. Nf3 Nc6 3. d4 cxd4 4. Nxd4 Nf6 5. Nc3 d6 6. Be2 e5 7. Nb3
Be6 8. Bg5 Be7 9. Bxf6 Bxf6 10. Nd5 Bxd5 11. exd5 Nd4 12. Nxd4 Qa5+ 13. Qd2
Qxd2+ 14. Kxd2 exd4 15. Bb5+ Kd8 16. Rhe1 Rc8 17. Ba4 Rc5 18. Bb3 a5 19. a4 g5
20. Kd3 Be5 21. Ke4 f5+ 22. Kd3 Rc7 23. h3 h5 24. f3 Rg7 25. c3 dxc3 26. bxc3
g4 27. hxg4 fxg4 28. Bd1 gxf3 29. Bxf3 h4 30. Rh1 Rc7 31. Ra3 Bg3 32. Rb3 Re8
33. Rb5 Be1 34. c4 Rce7 35. Rb3 Kc7 36. Kc2 Re3 37. Rd3 Kb6 38. Bg4 Kc5 39. Bd7
R8e4 40. Rxe3 Rxe3 41. Bb5 Kd4 42. Rf1 Bg3 43. Rd1+ 1/2-1/2

[Event "International chess holiday K31"]
[Site "?"]
[Date "2017.07.31"]
[Round "3"]
[White "Pokorny, Jan"]
[Black "Novak, Jindrich"]
[Result "0-1"]
[ECO "A20"]
[WhiteElo "1835"]
[BlackElo "2105"]
[Annotator "Koller,Martin"]
[PlyCount "64"]
[TimeControl "240+2"]

{279MB} 1. c4 d6 2. g3 c6 3. Bg2 e5 4. Nf3 Be7 5. Qc2 Nf6 6. Nc3 Bg4 7. d3 Qc8
8. Bd2 c5 9. a3 Nc6 10. e3 Bh3 11. O-O h5 12. Ng5 Bxg2 13. Kxg2 h4 14. Rh1 h3+
15. Kf1 Qg4 16. Nge4 Nd7 17. Nd5 Kd8 18. Qd1 Qxd1+ 19. Rxd1 f5 20. Nec3 Nf6 21.
Nxe7 Nxe7 22. Na2 Kc7 23. f3 e4 24. Bc3 Rhf8 25. Bxf6 Rxf6 26. f4 d5 27. dxe4
dxe4 28. Ke2 Rd6 29. Nc3 a6 30. Rxd6 Kxd6 31. g4 Ke6 32. g5 Rb8 neèitelné 0-1

[Event "International chess holiday K31"]
[Site "?"]
[Date "2017.07.31"]
[Round "3"]
[White "Vit, Zdenek"]
[Black "Hapke, Ralf"]
[Result "1-0"]
[ECO "C54"]
[WhiteElo "1889"]
[BlackElo "1828"]
[Annotator "Koller,Martin"]
[PlyCount "45"]
[TimeControl "240+2"]

{279MB} 1. e4 e5 2. Nf3 Nc6 3. Bc4 Bc5 4. c3 Nf6 5. d3 h6 6. O-O d6 7. a4 a6 8.
h3 O-O 9. Re1 Re8 10. Nbd2 Ba7 11. Bb3 Be6 12. Nc4 b5 13. Ne3 d5 14. exd5 Nxd5
15. Nxd5 Bxd5 16. Bxd5 Qxd5 17. Be3 Bxe3 18. Rxe3 b4 19. Qe2 bxc3 20. bxc3 Red8
21. Nxe5 Nxe5 22. Rxe5 Qxd3 23. Re8+ 1-0

[Event "International chess holiday K31"]
[Site "?"]
[Date "2017.07.31"]
[Round "3"]
[White "Hering, Sven"]
[Black "Civin, Dominik"]
[Result "1-0"]
[ECO "C11"]
[WhiteElo "1949"]
[BlackElo "1848"]
[Annotator "Koller,Martin"]
[PlyCount "39"]
[TimeControl "240+2"]

{279MB} 1. e4 e6 2. Nc3 d5 3. Nf3 Nf6 4. e5 Nfd7 5. d4 c5 6. dxc5 Bxc5 7. Bd3
Nc6 8. Bf4 Qb6 9. O-O Qxb2 10. Nb5 Kd8 11. a3 Be7 12. Qe2 a6 13. Rfb1 Qxb1+ 14.
Rxb1 axb5 15. Bxb5 Rxa3 16. c4 Nb4 17. Bd2 Ra2 18. Qe3 Nc6 19. cxd5 exd5 20.
Qb3 1-0

[Event "International chess holiday K31"]
[Site "?"]
[Date "2017.07.31"]
[Round "3"]
[White "Nelson, Wayne"]
[Black "Cisarik, Pavol"]
[Result "1-0"]
[ECO "D02"]
[WhiteElo "2056"]
[BlackElo "1674"]
[Annotator "Koller,Martin"]
[PlyCount "136"]
[TimeControl "240+2"]

{279MB} 1. d4 d5 2. Nf3 c6 3. c3 Nf6 4. Bf4 Bg4 5. e3 e6 6. h3 Bh5 7. Nbd2 Bd6
8. g4 Bxf4 9. exf4 Bg6 10. Ne5 Nbd7 11. h4 h5 12. Nxg6 fxg6 13. g5 Ng8 14. Bd3
Ne7 15. Qe2 Kf7 16. O-O-O Nf5 17. Rde1 Re8 18. Kb1 Qc7 19. Qf3 Nb6 20. Re5 Rad8
21. Nf1 c5 22. dxc5 Qxc5 23. Ng3 Nc4 24. Bxc4 Qxc4 25. Nxf5 exf5 26. Rhe1 Rxe5
27. Rxe5 Rd7 28. Qe3 d4 29. Qd2 Qc6 30. cxd4 Qh1+ 31. Re1 Rxd4 32. Qc3 Rd1+ 33.
Rxd1 Qxd1+ 34. Qc1 Qd3+ 35. Ka1 Qd6 36. a3 Ke6 37. Qe3+ Kf7 38. Qb3+ Kf8 39.
Qc4 b6 40. Ka2 Ke7 41. Kb3 Qd1+ 42. Ka2 Kd6 43. Qb4+ Ke6 44. Qc3 Qd5+ 45. b3
Qc5 46. Qe1+ Kd7 47. Qd2+ Ke6 48. Kb2 Qd5 49. Qc3 Qe4 50. Qc8+ Kd6 51. Qf8+ Kd5
52. Qf7+ Kc5 53. b4+ Kb5 54. Qd7+ Kc4 55. Qc7+ Kd5 56. Qb7+ Ke6 57. Qc8+ Kd5
58. Qd7+ Kc4 59. Qc7+ Kd5 60. Qf7+ Kc6 61. Qxg6+ Kd5 62. Qf7+ Kd6 63. Qf8+ Kd5
64. Qd8+ Kc4 65. Qc7+ Kd5 66. Qf7+ Kc6 67. Qxg7 Qe2+ 68. Kb1 Qe4+ 1-0

[Event "International chess holiday M31"]
[Site "?"]
[Date "2017.08.01"]
[Round "4"]
[White "Jurcisin, Imrid"]
[Black "Vavrinec, Tomas"]
[Result "1-0"]
[ECO "C03"]
[WhiteElo "2033"]
[BlackElo "1960"]
[Annotator "Koller,Martin"]
[PlyCount "95"]
[TimeControl "240+2"]

{279MB} 1. e4 e6 2. d4 d5 3. Nd2 Be7 4. Bd3 c5 5. dxc5 Nf6 6. Qe2 Na6 7. Bb5+
Kf8 8. e5 Ne8 9. c6 Nec7 10. cxb7 Bxb7 11. Bd3 Nc5 12. Ngf3 a5 13. O-O a4 14.
Nd4 Nxd3 15. cxd3 Na6 16. f4 g6 17. N2f3 Nc5 18. Be3 Kg7 19. Rac1 Qa5 20. g4 h5
21. f5 hxg4 22. f6+ Kg8 23. fxe7 gxf3 24. Qxf3 Rh7 25. Nc6 Bxc6 26. Rxc5 Qa6
27. Rfc1 Be8 28. Bg5 Qb7 29. R1c2 Rb8 30. h4 Rh5 31. Qe3 Qa6 32. Qd4 Kg7 33.
Kf2 Qb7 34. Ke3 Qa6 35. Kd2 Qb7 36. Rc7 Qa6 37. Ra7 Qb5 38. Ke3 Kh7 39. Qc5
Qxc5+ 40. Rxc5 Kg8 41. Kd4 Kh7 42. Kc3 Kg8 43. Rac7 f6 44. exf6 Kf7 45. Rc8
Rxc8 46. Rxc8 Rh8 47. Kd4 Rg8 48. b4 1-0

[Event "International chess holiday M31"]
[Site "?"]
[Date "2017.08.01"]
[Round "4"]
[White "Guenther, Andreas"]
[Black "Sedlacek, Tomas"]
[Result "1/2-1/2"]
[ECO "A85"]
[WhiteElo "2122"]
[BlackElo "2100"]
[Annotator "Koller,Martin"]
[PlyCount "49"]
[TimeControl "240+2"]

{279MB} 1. d4 e6 2. Nf3 f5 3. c4 d5 4. Nc3 c6 5. Qc2 Nf6 6. Bg5 Be7 7. e3 O-O
8. Bd3 h6 9. Bxf6 Bxf6 10. Rc1 Bd7 11. O-O a6 12. a4 a5 13. Qb3 Na6 14. Ne2 Nb4
15. Bb1 Qe8 16. Nf4 b6 17. Nd3 Be7 18. Nxb4 axb4 19. Qd1 dxc4 20. Rxc4 c5 21.
b3 b5 22. Rc1 bxa4 23. dxc5 Bb5 24. Re1 Bf6 25. Nd4 1/2-1/2

[Event "International chess holiday M31"]
[Site "?"]
[Date "2017.08.01"]
[Round "4"]
[White "Manigk, Sebastian"]
[Black "Baasansuren, Erdene"]
[Result "1-0"]
[ECO "D94"]
[WhiteElo "2238"]
[BlackElo "2100"]
[Annotator "Koller,Martin"]
[PlyCount "73"]
[TimeControl "240+2"]

{279MB} 1. d4 Nf6 2. c4 g6 3. Nf3 Bg7 4. e3 O-O 5. Be2 c5 6. O-O cxd4 7. exd4
d5 8. Nc3 Nc6 9. Bg5 dxc4 10. Bxc4 Bg4 11. d5 Ne5 12. Be2 Bxf3 13. Bxf3 Nxf3+
14. Qxf3 Qd7 15. Rad1 Rad8 16. d6 h6 17. dxe7 Qxe7 18. Nd5 Rxd5 19. Bxf6 Bxf6
20. Rxd5 Bxb2 21. Rb5 Bd4 22. Rxb7 Qc5 23. g3 Qa5 24. Rd1 Bb6 25. a3 Qe5 26.
Rdd7 Qg7 27. Kg2 Bc5 28. a4 Bb6 29. h3 h5 30. h4 Qh7 31. Qf6 Qg7 32. Qf3 Qh7
33. Qd5 g5 34. Qxg5+ Qg7 35. Qxg7+ Kxg7 36. Rd5 Rc8 37. a5 1-0

[Event "International chess holiday M31"]
[Site "?"]
[Date "2017.08.01"]
[Round "4"]
[White "Holy, Filip"]
[Black "Brejnik, Gustav"]
[Result "1-0"]
[ECO "A46"]
[WhiteElo "2007"]
[BlackElo "2031"]
[Annotator "Koller,Martin"]
[PlyCount "53"]
[TimeControl "240+2"]

{279MB} 1. d4 Nf6 2. Nf3 e6 3. a3 d5 4. e3 c5 5. b3 Nc6 6. Bb2 Bd6 7. dxc5 Bxc5
8. b4 Bd6 9. c4 O-O 10. Nc3 a5 11. b5 Ne7 12. cxd5 exd5 13. Be2 Bg4 14. Nd4
Bxe2 15. Ncxe2 Ne4 16. Ng3 Bxg3 17. hxg3 Qd7 18. Qh5 h6 19. O-O Rfc8 20. Rfd1
Nf6 21. Qf3 Ng6 22. Nf5 Ne4 23. Bxg7 Re8 24. Bd4 Kh7 25. Qh5 Nh8 26. f3 Nd6 27.
Nxd6 neèitelné 1-0

[Event "International chess holiday K31"]
[Site "?"]
[Date "2017.08.01"]
[Round "4"]
[White "Cisarik, Pavol"]
[Black "Hering, Sven"]
[Result "0-1"]
[ECO "B22"]
[WhiteElo "1674"]
[BlackElo "1949"]
[Annotator "Koller,Martin"]
[PlyCount "42"]
[TimeControl "240+2"]

{279MB} 1. e4 c5 2. c3 Nf6 3. e5 Nd5 4. d4 cxd4 5. cxd4 d6 6. exd6 e6 7. Nc3
Nxc3 8. bxc3 Bxd6 9. Nf3 b6 10. Bd3 Bb7 11. O-O Nd7 12. Bg5 Qc7 13. c4 O-O 14.
h3 Bf4 15. d5 exd5 16. Bxf4 Qxf4 17. cxd5 Nf6 18. g3 Qd6 19. Bc4 Nxd5 20. Qd2
Rad8 21. Rfd1 Qf6 0-1

[Event "International chess holiday K31"]
[Site "?"]
[Date "2017.08.01"]
[Round "4"]
[White "Pokorny, Jan"]
[Black "Nelson, Wayne"]
[Result "1/2-1/2"]
[ECO "A20"]
[WhiteElo "1835"]
[BlackElo "2056"]
[Annotator "Koller,Martin"]
[PlyCount "47"]
[TimeControl "240+2"]

{279MB} 1. c4 e5 2. g3 Nc6 3. Bg2 Nf6 4. a3 a5 5. Nc3 d6 6. e3 g6 7. Nge2 Bg7
8. O-O O-O 9. d4 Bd7 10. Bd2 Qc8 11. d5 Ne7 12. e4 Bh3 13. b4 Bxg2 14. Kxg2 Nd7
15. Rb1 axb4 16. axb4 f5 17. f4 Nf6 18. fxe5 dxe5 19. Bg5 Qd7 20. Bxf6 Rxf6 21.
Qb3 Kh8 22. Ra1 Raf8 23. Ra7 f4 24. Ng1 1/2-1/2

[Event "International chess holiday K31"]
[Site "?"]
[Date "2017.08.01"]
[Round "4"]
[White "Zizka, Petr"]
[Black "Vit, Zdenek"]
[Result "1-0"]
[ECO "C79"]
[WhiteElo "1966"]
[BlackElo "1889"]
[Annotator "Koller,Martin"]
[PlyCount "99"]
[TimeControl "240+2"]

{279MB} 1. e4 e5 2. Nf3 Nc6 3. Bb5 a6 4. Ba4 Nf6 5. d4 exd4 6. O-O b5 7. Bb3 d6
8. Bd5 Nxd5 9. exd5 Ne5 10. Nxd4 Bd7 11. f4 c5 12. fxe5 cxd4 13. Qxd4 Qc7 14.
exd6 Bxd6 15. Qxg7 Bxh2+ 16. Kh1 O-O-O 17. Qh6 Be5 18. Bf4 f6 19. Nc3 Rdg8 20.
Rae1 Rg6 21. Qh2 Rhg8 22. Bxe5 fxe5 23. Qxe5 Qb6 24. Qe3 Qxe3 25. Rxe3 Rxg2 26.
Re2 Bh3 27. Rfe1 Rxe2 28. Rxe2 Bf5 29. Ne4 Rd8 30. Nf6 Kc7 31. Re7+ Kb6 32. c3
Rd6 33. Rf7 Bg6 34. Rf8 a5 35. Kg2 b4 36. Kf3 bxc3 37. bxc3 Bb1 38. a3 Kb5 39.
Ke3 Kc4 40. Rc8+ Kb3 41. Rb8+ Kc2 42. Rf8 Kxc3 43. Ne4+ Bxe4 44. Kxe4 Kb3 45.
Ke5 Rg6 46. d6 Rg1 47. Rf3+ Kc4 48. d7 Rd1 49. Ke6 Kc5 50. Rc3+ 1-0

[Event "International chess holiday K31"]
[Site "?"]
[Date "2017.08.01"]
[Round "4"]
[White "Civin, Dominik"]
[Black "Aubrecht, Petr"]
[Result "0-1"]
[ECO "A36"]
[WhiteElo "1848"]
[BlackElo "1935"]
[Annotator "Koller,Martin"]
[PlyCount "58"]
[TimeControl "240+2"]

{279MB} 1. e4 c5 2. c4 Nc6 3. Nc3 d6 4. g3 g6 5. Bg2 Bg7 6. Nge2 e6 7. d3 Nge7
8. Be3 O-O 9. Qd2 Nd4 10. h4 Nec6 11. h5 Nb4 12. Rc1 Qa5 13. hxg6 fxg6 14. b3
Nxe2 15. Kxe2 Bxc3 16. Qxc3 Qxa2+ 17. Bd2 Nc6 18. Rc2 Qxc2 19. Qxc2 Nd4+ 20.
Kd1 Nxc2 21. Kxc2 Rxf2 22. Rg1 e5 23. Kc3 Bg4 24. Bg5 b6 25. b4 Kf7 26. Be3 Re2
27. Bg5 Ke6 28. Bf1 Re1 29. Rh1 h5 0-1

[Event "International chess holiday K31"]
[Site "?"]
[Date "2017.08.01"]
[Round "4"]
[White "Novak, Jindrich"]
[Black "Hapke, Ralf"]
[Result "1/2-1/2"]
[ECO "D03"]
[WhiteElo "2105"]
[BlackElo "1828"]
[Annotator "Koller,Martin"]
[PlyCount "83"]
[TimeControl "240+2"]

{279MB} 1. d4 Nf6 2. Nf3 g6 3. Bg5 Bg7 4. Nbd2 d5 5. e3 O-O 6. Bd3 b6 7. O-O
Bb7 8. Ne5 Nbd7 9. Nxd7 Qxd7 10. f4 Ne4 11. Nxe4 dxe4 12. Bc4 e6 13. c3 Bd5 14.
Qb3 c6 15. Bxd5 exd5 16. f5 f6 17. Bf4 g5 18. Bg3 b5 19. a4 a6 20. Qb4 Rfd8 21.
axb5 axb5 22. Rxa8 Rxa8 23. Qd6 Qxd6 24. Bxd6 Bf8 25. Bxf8 Kxf8 26. Kf2 h5 27.
Ke2 Ke7 28. Kd2 Kd6 29. Kc2 Ra7 30. Kb1 Ra8 31. Rf2 Kc7 32. b3 Ra6 33. Rc2 Kd6
34. Kb2 Ra5 35. h3 Ra8 36. g3 Rb8 37. Rc1 Ra8 38. c4 bxc4 39. bxc4 Rb8+ 40. Ka2
Ra8+ 41. Kb3 Rb8+ 42. Ka2 1/2-1/2

[Event "International chess holiday M31"]
[Site "?"]
[Date "2017.08.01"]
[Round "5"]
[White "Vavrinec, Tomas"]
[Black "Michalek, Frantisek"]
[Result "0-1"]
[ECO "A09"]
[WhiteElo "1960"]
[BlackElo "2065"]
[Annotator "Koller,Martin"]
[PlyCount "60"]
[TimeControl "240+2"]

{279MB} 1. Nf3 d5 2. c4 dxc4 3. g3 g6 4. Na3 Bg7 5. Nxc4 Nc6 6. Bg2 e5 7. O-O
Nge7 8. d3 O-O 9. Rb1 Be6 10. b4 b5 11. Na3 Bxa2 12. Rb2 Be6 13. Ng5 Bd7 14.
Ne4 Rb8 15. Nc2 Be6 16. Nc5 Bd5 17. e4 Be6 18. Nxe6 fxe6 19. Bh3 Qd6 20. Be3
Nd4 21. Bxd4 exd4 22. Qa1 Nc6 23. Qa2 Rbe8 24. f4 Kh8 25. Qa6 Rb8 26. Qa2 e5
27. Qb3 exf4 28. gxf4 Rxf4 29. Rxf4 Qxf4 30. Rb1 Be5 0-1

[Event "International chess holiday M31"]
[Site "?"]
[Date "2017.08.01"]
[Round "5"]
[White "Sedlacek, Tomas"]
[Black "Manigk, Sebastian"]
[Result "0-1"]
[ECO "D02"]
[WhiteElo "2100"]
[BlackElo "2238"]
[Annotator "Koller,Martin"]
[PlyCount "74"]
[TimeControl "240+2"]

{279MB} 1. d4 d5 2. Bf4 Nf6 3. e3 e6 4. Nf3 Bd6 5. Bg3 O-O 6. Nbd2 b6 7. c3 Bb7
8. Bd3 Ne4 9. O-O Nd7 10. Bh4 Qe8 11. Qa4 f6 12. Qc2 f5 13. Bg3 Rf6 14. Ne5
Nxg3 15. Nxd7 Qxd7 16. hxg3 e5 17. dxe5 Bxe5 18. Nf3 Bd6 19. Nh4 g6 20. Rad1
Kg7 21. Rfe1 Re8 22. Nf3 Rd8 23. Qe2 c5 24. c4 dxc4 25. Bxc4 Qe7 26. Bd5 Bc8
27. b3 h6 28. Qc4 Kh7 29. e4 fxe4 30. Rxe4 Qc7 31. Rde1 Rdf8 32. Rh4 Bf5 33.
Rxh6+ Kxh6 34. Qh4+ Kg7 35. Ng5 Rh8 36. Re8 Rff8 37. Ne6+ Bxe6 0-1

[Event "International chess holiday M31"]
[Site "?"]
[Date "2017.08.01"]
[Round "5"]
[White "Baasansuren , Erdene"]
[Black "Jurcisin, Imrich"]
[Result "1-0"]
[ECO "A52"]
[WhiteElo "2100"]
[BlackElo "2033"]
[Annotator "Koller,Martin"]
[PlyCount "111"]
[TimeControl "240+2"]

{279MB} 1. d4 Nf6 2. c4 e5 3. dxe5 Ng4 4. Nf3 Bc5 5. e3 Nc6 6. Be2 Ngxe5 7. Nc3
d6 8. O-O O-O 9. a3 a5 10. b3 Nxf3+ 11. Bxf3 Ne5 12. Bb2 Qh4 13. Nd5 c6 14. Nf4
Bg4 15. Bxg4 Nxg4 16. h3 Ne5 17. Bc3 Qe7 18. b4 Bb6 19. Qe2 Qg5 20. Rfd1 Rfd8
21. Ra2 axb4 22. axb4 Rxa2 23. Qxa2 Ng6 24. Nxg6 Qxg6 25. c5 dxc5 26. Rxd8+
Bxd8 27. Qa8 Qd6 28. bxc5 Qc7 29. Qa1 f6 30. e4 Be7 31. e5 Bxc5 32. exf6 gxf6
33. Bxf6 Kf7 34. Bh4 Qd6 35. Qb1 b5 36. Qxh7+ Ke6 37. Qg8+ Kd7 38. Qf7+ Kc8 39.
Qe8+ Kb7 40. Bg3 Qd1+ 41. Kh2 Ba7 42. h4 Qg4 43. h5 b4 44. Qf7+ Ka6 45. h6 Bd4
46. f3 Bg1+ 47. Kxg1 Qxg3 48. Qc4+ Ka5 49. h7 Qe1+ 50. Kh2 Qe5+ 51. g3 b3 52.
Qg8 Qe2+ 53. Kh3 b2 54. Qa2+ Kb4 55. h8=Q Qf1+ 56. Kg4 1-0

[Event "International chess holiday M31"]
[Site "?"]
[Date "2017.08.01"]
[Round "5"]
[White "Brejnik, Gustav"]
[Black "Guenther, Andreas"]
[Result "0-1"]
[ECO "A84"]
[WhiteElo "2031"]
[BlackElo "2122"]
[Annotator "Koller,Martin"]
[PlyCount "98"]
[TimeControl "240+2"]

{279MB} 1. d4 f5 2. Nf3 Nf6 3. e3 d5 4. c4 e6 5. Bd3 c6 6. O-O Bd6 7. b3 Qe7 8.
Bb2 O-O 9. Qc1 Ne4 10. Ba3 Nd7 11. Bxd6 Qxd6 12. Nc3 b6 13. Qb2 Bb7 14. Ne2 a5
15. a3 c5 16. Rfd1 Rfd8 17. cxd5 exd5 18. Ng3 Qf6 19. Bb5 Nf8 20. Ne5 cxd4 21.
exd4 Rac8 22. Rac1 Nd6 23. Bd3 Ne6 24. f3 Qg5 25. Rxc8 Rxc8 26. Bb1 Ba6 27. Qf2
Rc1 28. Bc2 Qf4 29. Nc6 Ne4 30. Qe1 Rxc2 31. Ne7+ Kf7 32. Nxd5 Qg5 33. fxe4 f4
34. Rc1 Rxc1 35. Qxc1 fxg3 36. Qc6 gxh2+ 37. Kh1 Qd8 38. Qc1 Bb7 39. Qd1 Kg8
40. Qg4 Bxd5 41. exd5 Qxd5 42. Kxh2 h6 43. b4 axb4 44. axb4 Nxd4 45. Qc8+ Kh7
46. Qc7 b5 47. Qe7 Nc6 48. Qf8 Qe4 49. Qc5 Qe5+ 0-1

[Event "International chess holiday M31"]
[Site "?"]
[Date "2017.08.01"]
[Round "5"]
[White "Yinjinlkham, Bayarsaikhan"]
[Black "Holy, Filip"]
[Result "0-1"]
[ECO "D15"]
[WhiteElo "1988"]
[BlackElo "2007"]
[Annotator "Koller,Martin"]
[PlyCount "152"]
[TimeControl "240+2"]

{279MB} 1. d4 d5 2. c4 c6 3. Nf3 Nf6 4. Nc3 a6 5. g3 dxc4 6. a4 e6 7. Bg2 a5 8.
Ne5 Na6 9. Nxc4 Be7 10. O-O O-O 11. e4 Nb4 12. h3 Bd7 13. Ne5 Be8 14. Be3 b5
15. Qe2 Qb8 16. Nd3 Nxd3 17. Qxd3 bxa4 18. Nxa4 c5 19. Nc3 cxd4 20. Bxd4 e5 21.
Be3 Bc6 22. Nd5 Nxd5 23. exd5 Bb5 24. Qd2 Bb4 25. Qc2 Bxf1 26. Rxf1 Bd6 27. Be4
g6 28. Bh6 Rc8 29. Qe2 Qb6 30. h4 Rab8 31. Bc1 Bc5 32. h5 Bd4 33. hxg6 hxg6 34.
Qg4 Kg7 35. Qg5 Rh8 36. Kg2 Rh5 37. Qe7 Rbh8 38. Kg1 Rh2 39. Bg2 Qf6 40. d6
Qxe7 41. dxe7 Rxg2+ 42. Kxg2 Re8 43. Bd2 Rxe7 44. Bxa5 Bxb2 45. Rd1 Bd4 46. f4
f6 47. Bd8 Rd7 48. Bb6 Kf7 49. Bxd4 exd4 50. g4 Ke6 51. Kf3 Kd5 52. Ra1 Rc7 53.
Ra5+ Rc5 54. Ra6 Rc3+ 55. Ke2 Rc6 56. Ra8 Ke4 57. Rd8 Rc2+ 58. Kd1 Rg2 59. Rd6
f5 60. g5 Kxf4 61. Rxg6 Rxg5 62. Re6 Rg2 63. Ke1 Kf3 64. Kd1 f4 65. Re7 Ra2 66.
Re6 Kf2 67. Re4 f3 68. Rxd4 Ke3 69. Rd8 Ra1+ 70. Kc2 f2 71. Re8+ Kf3 72. Rf8+
Kg3 73. Rg8+ Kh4 74. Rh8+ Kg5 75. Rg8+ Kh6 76. Rh8+ Kg7 0-1

[Event "International chess holiday K31"]
[Site "?"]
[Date "2017.08.01"]
[Round "5"]
[White "Aubrecht, Petr"]
[Black "Cisarik, Pavol"]
[Result "1-0"]
[ECO "A03"]
[WhiteElo "1935"]
[BlackElo "1674"]
[Annotator "Koller,Martin"]
[PlyCount "57"]
[TimeControl "240+2"]

{279MB} 1. b3 Nf6 2. Bb2 d5 3. e3 e6 4. f4 Be7 5. Nf3 O-O 6. Be2 c5 7. O-O Nc6
8. Qe1 d4 9. exd4 cxd4 10. Ne5 Bc5 11. Nxc6 bxc6 12. Bd3 Bb6 13. Na3 Bb7 14. f5
Re8 15. fxe6 Rxe6 16. Qh4 Ne4 17. Qxd8+ Rxd8 18. Nc4 c5 19. a4 Bc7 20. Ba3 Rd5
21. Bxe4 Rxe4 22. Rae1 Rf5 23. Rxe4 Rxf1+ 24. Kxf1 Bxe4 25. d3 Bd5 26. Bxc5
Bxc4 27. dxc4 Bxh2 28. Bxa7 f6 29. Bb6 1-0

[Event "International chess holiday K31"]
[Site "?"]
[Date "2017.08.01"]
[Round "5"]
[White "Hapke, Ralf"]
[Black "Zizka, Petr"]
[Result "1/2-1/2"]
[ECO "B23"]
[WhiteElo "1828"]
[BlackElo "1966"]
[Annotator "Koller,Martin"]
[PlyCount "31"]
[TimeControl "240+2"]

{279MB} 1. e4 c5 2. Nc3 Nc6 3. f4 g6 4. Nf3 e6 5. Bb5 Bg7 6. Bxc6 bxc6 7. d3
Ne7 8. O-O d5 9. Qe1 Ba6 10. Na4 c4 11. Nc5 cxd3 12. cxd3 O-O 13. Kh1 dxe4 14.
Qxe4 Bc8 15. Ne5 Qd5 16. d4 1/2-1/2

[Event "International chess holiday K31"]
[Site "?"]
[Date "2017.08.01"]
[Round "5"]
[White "Nelson, Wayne"]
[Black "Novak, Jindrich"]
[Result "0-1"]
[ECO "B07"]
[WhiteElo "2056"]
[BlackElo "2105"]
[Annotator "Koller,Martin"]
[PlyCount "42"]
[TimeControl "240+2"]

{279MB} 1. d4 d6 2. e4 e5 3. dxe5 dxe5 4. Qxd8+ Kxd8 5. Bc4 Be6 6. Bxe6 fxe6 7.
Nf3 Bd6 8. Nc3 Nf6 9. Bg5 Ke7 10. O-O-O Nc6 11. Bh4 Rhb8 12. Nd2 b5 13. Rhf1 h6
14. Bxf6+ Kxf6 15. f3 a5 16. Ne2 g5 17. h4 gxh4 18. Rh1 Kg5 19. Rh3 Be7 20. g3
hxg3 21. Rxg3+ Kf6 neèitelné 0-1

[Event "International chess holiday K31"]
[Site "?"]
[Date "2017.08.01"]
[Round "5"]
[White "Hering, Sven"]
[Black "Pokorny, Jan"]
[Result "1/2-1/2"]
[ECO "B27"]
[WhiteElo "1949"]
[BlackElo "1835"]
[Annotator "Koller,Martin"]
[PlyCount "100"]
[TimeControl "240+2"]

{279MB} 1. e4 c5 2. Nc3 g6 3. d4 cxd4 4. Qxd4 Nf6 5. Nf3 Nc6 6. Qa4 d6 7. e5
dxe5 8. Nxe5 Bd7 9. Nxd7 Qxd7 10. Bf4 Rc8 11. Rd1 Qe6+ 12. Be2 Bg7 13. O-O O-O
14. Rfe1 Rfd8 15. h3 h5 16. Bd3 Rd4 17. Rxe6 Rxa4 18. Nxa4 fxe6 19. Bxg6 Nd5
20. Bc1 Ne5 21. Be4 Rc4 22. Bxd5 exd5 23. Nc3 d4 24. Ne2 Nc6 25. c3 dxc3 26.
Nxc3 Bxc3 27. bxc3 Rxc3 28. Be3 Rc2 29. Rd2 Rc1+ 30. Kh2 Ra1 31. Kg3 Rb1 32.
Kh4 Rb5 33. Bg5 Ne5 34. f4 Ng6+ 35. Kxh5 Nxf4+ 36. Kg4 Ng6 37. h4 Rb4+ 38. Kg3
Rb5 39. Rf2 Kg7 40. Bd2 Rd5 41. Kh3 Rd3+ 42. g3 Ne5 43. Re2 Nc6 44. h5 Kh7 45.
Kh4 e5 46. g4 Nd4 47. Rf2 Rxd2 48. Rf7+ Kg8 49. Rxb7 Rxa2 50. h6 e4 1/2-1/2

[Event "International chess holiday M31"]
[Site "?"]
[Date "2017.08.02"]
[Round "6"]
[White "Michalek, Frantisek"]
[Black "Holy, Filip"]
[Result "0-1"]
[ECO "B11"]
[WhiteElo "2065"]
[BlackElo "2007"]
[Annotator "Koller,Martin"]
[PlyCount "104"]
[TimeControl "240+2"]

{279MB} 1. e4 c6 2. Nc3 d5 3. Nf3 dxe4 4. Nxe4 Nf6 5. Nxf6+ exf6 6. Bc4 Bd6 7.
Qe2+ Be7 8. d4 O-O 9. Be3 Nd7 10. Bd3 Bd6 11. O-O-O Re8 12. Qd2 Qc7 13. Kb1 Nf8
14. c4 Be6 15. Rc1 Qb8 16. h3 a6 17. Nh4 g6 18. Nf3 b5 19. c5 Bc7 20. Ne1 Bd5
21. Rd1 Ne6 22. f3 Bg3 23. Nc2 a5 24. Be4 Nf4 25. Bxd5 Nxd5 26. Bf2 Bf4 27. Qd3
b4 28. Rde1 Rd8 29. Ne3 Nc3+ 30. Ka1 Nb5 31. Nc2 Rd7 32. Re2 Bg3 33. Bxg3 Qxg3
34. Qe4 Qc7 35. Rd1 Rad8 36. Red2 Qb7 37. Rd3 Rd5 38. Ne3 f5 39. Qh4 R5d7 40.
Nc4 Qc7 41. Ne5 Rd5 42. Qf2 Nxd4 43. Rxd4 Qxe5 44. Rxd5 Rxd5 45. Rxd5 Qxd5 46.
b3 Kf8 47. Qe3 f6 48. Kb1 Qe5 49. Qh6+ Kg8 50. Qc1 Qd4 51. Qc2 Kf7 52. a3 bxa3
0-1

[Event "International chess holiday M31"]
[Site "?"]
[Date "2017.08.02"]
[Round "6"]
[White "Guenther, Andreas"]
[Black "Yinjinlkham, Bayarsaikhan"]
[Result "1-0"]
[ECO "D15"]
[WhiteElo "2122"]
[BlackElo "1988"]
[Annotator "Koller,Martin"]
[PlyCount "79"]
[TimeControl "240+2"]

{279MB} 1. d4 d5 2. Nf3 c6 3. e3 Nf6 4. c4 a6 5. Nc3 b5 6. b3 Bg4 7. Bd2 Ne4 8.
Be2 Nxd2 9. Nxd2 Bxe2 10. Qxe2 g6 11. O-O Bg7 12. cxd5 cxd5 13. a4 bxa4 14.
Rxa4 O-O 15. b4 e5 16. b5 a5 17. Nb3 Qd6 18. Qf3 e4 19. Qg3 Qd8 20. Rfa1 f5 21.
f4 exf3 22. Qxf3 f4 23. exf4 Nd7 24. Nxd5 Qb8 25. Rxa5 Rxa5 26. Rxa5 Qd8 27.
Ra7 Re8 28. Nc7 Re1+ 29. Kf2 Qe7 30. Nd5 Qe6 31. Rxd7 Qxd7 32. Kxe1 Qxb5 33.
Kf2 Qc4 34. Kg3 h5 35. h3 Kh7 36. Kh2 Qc2 37. f5 gxf5 38. Qxh5+ Kg8 39. Ne7+
Kf8 40. Ng6+ 1-0